Cogmind - Beta 13 @@@ ROGUE MODE // 2024.04.27 @ 09:22:51 Player: opaguck Result: Destroyed by L-31 Rogue with Katana Performance ------------- Evolutions (1) 500 Regions Visited (2) 400 Robots Destroyed (17) 85 Value Destroyed (343) 343 Prototype IDs (0) 0 Alien Tech Used (0) 0 Bonus (0) 0 TOTAL SCORE: 1328 Bonus ------- None Cogmind --------- Core Integrity 0/400 Matter 300/300 Energy 100/100 System Corruption 0% Temperature Cool (0) Movement Core (50) Location -9/Materials Parts ------- > --- POWER (1) -------- (None) > --- PROPULSION (2) --- (None) > --- UTILITY (3) ------ Visual Processing Unit > --- WEAPON (3) ------- (None) > --- INVENTORY (5) ---- Improved Aluminum Leg Improved Terrain Scanner Improved Terrain Scanner Datajack Mining Laser Peak State ------------ > --- POWER ------------ Light Ion Engine > --- PROPULSION ------- Aluminum Leg Aluminum Leg > --- UTILITY ---------- Small Storage Unit Visual Processing Unit Medium Armor Plating > --- WEAPON ----------- Grenade Launcher Datajack Hammer > --- INVENTORY -------- Ion Engine Aluminum Leg Improved Terrain Scanner Improved Terrain Scanner Medium Armor Plating Light Assault Rifle Mining Laser [Rating: 12] Favorites ----------- Power Light Ion Engine Engine Light Ion Engine Propulsion Aluminum Leg Leg Aluminum Leg Utility Small Storage Unit Storage Small Storage Unit Processor Visual Processing Unit Protection Medium Armor Plating Weapon Hammer Ballistic Gun Light Assault Rifle Launcher Grenade Launcher Special Weapon Mining Laser Impact Weapon Hammer Slashing Weapon Mining Claw Special Melee Weapon Datajack Build | -11 -10 -9 ------- Run | Yrd Mat Mat Slots Evolved 2 | . . 2 Power . | . . . Propulsion . | . . . Utility 1 | . . 1 Weapon 1 | . . 1 Parts Attached 18 | 7 6 5 Power 2 | 1 1 . Engine 2 | 1 1 . Core . | . . . Reactor . | . . . Propulsion 5 | 2 . 3 Treads . | . . . Leg 5 | 2 . 3 Wheel . | . . . Hover . | . . . Flight . | . . . Utility 3 | 1 1 1 Device . | . . . Storage 1 | 1 . . Processor 1 | . 1 . Hackware . | . . . Protection 1 | . . 1 Artifact . | . . . Weapon 8 | 3 4 1 Energy Gun . | . . . Energy Cannon . | . . . Ballistic Gun 2 | 2 . . Ballistic Cannon . | . . . Launcher 2 | . 1 1 Special Weapon 1 | 1 . . Impact Weapon 1 | . 1 . Slashing Weapon 1 | . 1 . Piercing Weapon . | . . . Special Melee Weapon 1 | . 1 . Unidentified Prototypes . | . . . Parts Lost 8 | . 1 7 Power 2 | . 1 1 Propulsion 3 | . . 3 Utility 2 | . . 2 Weapon 1 | . . 1 Highest Loss Streak 5 | . 1 5 To Critical Strikes . | . . . Average Slot Usage (%) 84 | . 89 82 Engine 10 | . 14 9 Leg 22 | . 28 19 Storage 12 | . 14 11 Processor 8 | . 3 11 Protection 4 | . . 7 Ballistic Gun 1 | . 3 . Launcher 6 | . 7 5 Impact Weapon 8 | . 5 10 Slashing Weapon 1 | . 4 . Special Melee Weapon 6 | . 3 7 Naked Turns . | . . . Heaviest Build 21 | 11 13 21 Greatest Support 20 | 20 20 20 Greatest Overweight (x) 2 | . . 2 Average Overweight (x) . | . . . Largest Inventory Capacity 8 | 8 8 8 Average Capacity 7 | 7 8 8 Most Carried 8 | 4 6 8 Average Carried 5 | 2 5 6 Final Capacity 8 | 8 8 5 Final Carried 6 | 4 6 5 Class Distribution -------------------- 100% | Mutant Dominant Class ---------------- Mutant | -10/Materials Mutant | -9/Materials Resources | -11 -10 -9 ----------- Run | Yrd Mat Mat Matter Collected 441 | 277 61 103 Remotely . | . . . Salvage Created 492 | 107 114 271 Parts 29 | 12 8 9 Haulers Intercepted . | . . . Recyclers Shooed 1 | . . 1 Parts Field Recycled . | . . . Retrieved Matter . | . . . Parts Self-Destructed . | . . . Prevented . | . . . Kills | -11 -10 -9 ------- Run | Yrd Mat Mat Combat Hostiles Destroyed 6 | . 3 3 Melee 3 | . 1 2 AOE 2 | . 2 . Classes Destroyed 5 | 1 2 2 Tunneler 7 | 4 1 2 Recycler 1 | . . 1 Watcher 3 | . 1 2 Grunt 5 | . 3 2 Duelist 1 | . . 1 Best Kill Streak 4 | 4 2 2 Combat Bots Only 2 | . 2 2 Max Kills in Single Turn 2 | 1 2 1 Gunslinging . | . . . Exploded 2 | . 2 . Melee 1 | . 1 1 Uniques/NPCs Destroyed . | . . . Combat | -11 -10 -9 -------- Run | Yrd Mat Mat Hostile Shots Fired 96 | . 6 90 Missed 25 | . 2 23 Damage Taken 1226 | . 112 1114 Core 422 | . 17 405 Absorbed by Shields . | . . . Regen/Repaired (Parts) 51 | . . 51 Core Remaining (%) 96 | 100 93 . Volleys Fired 10 | 7 3 . Largest 2 | 2 2 . Hottest 50 | 40 50 . Shots Fired 20 | 14 6 . Gun 17 | 14 3 . Cannon . | . . . Launcher 3 | . 3 . Special . | . . . Kinetic 17 | 14 3 . Thermal . | . . . Explosive 3 | . 3 . Electromagnetic . | . . . Robot Hit Streak 8 | 4 8 . Robot Miss Streak 2 | 2 . . Penetration Max . | . . . Secondary Targets . | . . . Shots Hit Robots 39 | 8 14 17 Core Hits 17 | 6 8 3 Critical Kills . | . . . Critical Parts Destroyed 5 | . 1 4 Critical Strikes 5 | . 1 4 Smash 5 | . 1 4 Melee Attacks 32 | . 10 22 Impact 29 | . 7 22 Slashing 1 | . 1 . Piercing . | . . . Sneak Attacks 10 | . 6 4 Combat Hostiles 1 | . 1 . Follow-up Attacks . | . . . Damage Inflicted 1059 | 93 454 512 Guns 121 | 93 28 . Cannons . | . . . Explosions 171 | . 171 . Melee 767 | . 255 512 Ramming . | . . . Kinetic 121 | 93 28 . Thermal . | . . . Explosive 171 | . 171 . Electromagnetic . | . . . Impact 740 | . 228 512 Slashing 27 | . 27 . Piercing . | . . . Highest Corruption . | . . . Average Corruption . | . . . Corruption Purged . | . . . Corruption Blocked . | . . . Overload Shots . | . . . Overflow Damage 219 | . 30 189 Projectiles . | . . . Explosions . | . . . Melee 219 | . 30 189 Knockbacks 3 | . . 3 Impact 3 | . . 3 Kinetic . | . . . Secondary . | . . . Self-Inflicted Damage . | . . . Shots . | . . . Rammed 2 | . . 2 Targets Rammed 2 | . . 2 Kicked . | . . . Crushed . | . . . Highest Temperature 24 | . 24 7 Average Temperature 12 | . 13 6 Received Heat Transfer 360 | . 30 330 Siege Activations . | . . . Robots Corrupted . | . . . Combat Hostiles . | . . . Parts Fried 11 | . 2 9 Impact Corruptions 10 | . 1 9 Robots Melted . | . . . Combat Hostiles . | . . . Parts Melted . | . . . Heat Transferred . | . . . Parts Sabotaged . | . . . Parts Stolen . | . . . Parts Stripped . | . . . Power Chain Reactions . | . . . Alert | -11 -10 -9 ------- Run | Yrd Mat Mat Peak Influence 95 | 20 87 95 Initial 19 | . 13 19 Average 35 | 8 26 46 Maximum Alert Level . | . . . Low Security (%) 100 | 100 100 100 Level 1 . | . . . Level 2 . | . . . Level 3 . | . . . Level 4 . | . . . Level 5 . | . . . High Security . | . . . Max Security . | . . . Squads Dispatched 1 | . . 1 Investigation 1 | . . 1 Extermination . | . . . Reinforcement . | . . . Assault . | . . . Garrison . | . . . Intercept . | . . . Searches Triggered . | . . . Construction Impeded . | . . . Haulers Reinforced . | . . . Active Scanning Responses . | . . . Cargo Convoy Interrupts . | . . . Stealth | -11 -10 -9 --------- Run | Yrd Mat Mat Distress Signals 2 | . . 2 Communications Jammed . | . . . Distress Signals . | . . . Times Spotted 22 | . 5 17 Peak Tracking Total 10 | . 2 10 Tactical Retreats 3 | . . 3 Traps | -11 -10 -9 ------- Run | Yrd Mat Mat Traps Triggered 3 | . 1 2 Indirectly . | . . . Trap Hack Attempts . | . . . Triggered . | . . . Disarmed . | . . . Reprogrammed . | . . . Reused . | . . . Traps Extracted . | . . . Installed . | . . . Triggered . | . . . Machines | -11 -10 -9 ---------- Run | Yrd Mat Mat Machines Disabled 1 | . 1 . Max in Single Turn 1 | . 1 . Machines Repaired . | . . . Machines Dismantled . | . . . Machines Sabotaged . | . . . Overloaded Fab Kills . | . . . Hacking | -11 -10 -9 --------- Run | Yrd Mat Mat Machines Accessed 5 | . 2 3 Terminals 4 | . 2 2 Fabricators . | . . . Repair Stations 1 | . . 1 Recycling Units . | . . . Scanalyzers . | . . . Garrison Access . | . . . Total Hacks 16 | . 7 9 Successful 8 | . 2 6 Failed 8 | . 5 3 Catastrophic 1 | . 1 . Database Lockouts . | . . . Manual . | . . . Terminals 12 | . 7 5 Fabricators . | . . . Repair Stations 4 | . . 4 Recycling Units . | . . . Scanalyzers . | . . . Garrison Access . | . . . Terminal Hacks 4 | . 2 2 Record 1 | . 1 . Emergency Access Points 1 | . . 1 Unreport Threat 1 | . 1 . Locate Traps 1 | . . 1 Fabricator Hacks . | . . . Repair Station Hacks 4 | . . 4 Scan Component 2 | . . 2 Repair 2 | . . 2 Recycling Unit Hacks . | . . . Scanalyzer . | . . . Garrison Access Hacks . | . . . Unauthorized Hacks . | . . . Terminals . | . . . Fabricators . | . . . Repair Stations . | . . . Recycling Units . | . . . Scanalyzers . | . . . Garrison Access . | . . . Data Cores Recovered . | . . . Used . | . . . Hacking Detections 2 | . 1 1 Full Trace Events . | . . . Feedback Events . | . . . Feedback Blocked . | . . . Robot Schematics Acquired . | . . . Robots Built . | . . . Authchips . | . . . Time . | . . . Total Robot Build Rating . | . . . Part Schematics Acquired . | . . . Parts Built . | . . . Authchips . | . . . Time . | . . . Total Part Build Rating . | . . . Parts Repaired 2 | . . 2 Time 52 | . . 52 Parts Recycled . | . . . Recycled Matter . | . . . Retrieved Matter . | . . . Retrieved Components . | . . . Parts Scanalyzed . | . . . Part Schematics Acquired . | . . . Parts Damaged . | . . . Bothacking | -11 -10 -9 ------------ Run | Yrd Mat Mat Used RIF Installer . | . . . Robots Hacked 1 | . 1 . Non-combat 1 | . 1 . Combat . | . . . Robot Hacks Applied 1 | . 1 . no_distress 1 | . 1 . Relay Couplers Released . | . . . Fabnet Peak Effective % . | . . . Robots Rewired . | . . . Allies Hacked . | . . . Hacks Repelled . | . . . Allies | -11 -10 -9 -------- Run | Yrd Mat Mat Total Allies . | . . . Largest Group . | . . . Highest-Rated Group . | . . . Highest-Rated Ally . | . . . Total Orders . | . . . Ally Attacks . | . . . Total Damage . | . . . Kills . | . . . Allies Corrupted . | . . . Allies Melted . | . . . Intel | -11 -10 -9 ------- Run | Yrd Mat Mat Robot Analysis Total . | . . . Derelict Logs Recovered . | . . . Drone Launches . | . . . Drone Recoveries . | . . . Exploration | -11 -10 -9 ------------- Run | Yrd Mat Mat Turns Passed 1028 | 130 323 575 Spaces Moved 611 | 82 232 297 Core 21 | 5 . 16 Treads . | . . . Legs 590 | 77 232 281 Wheels . | . . . Hover . | . . . Flight . | . . . Fastest Speed 50 | 50 120 100 Average Speed 132 | 115 120 146 Slowest Speed 190 | 120 120 190 Overloaded Moves . | . . . Propulsion Burnouts . | . . . Robots Hopped . | . . . Cave-ins Triggered . | . . . Exploration Rate (%) 22 | 4 29 35 Regions Visited 2 Branch Regions . Pre-discovered Areas . | . . . Known Exits Taken . | . . . Unknown Exits Taken 2 | 1 1 . Scrap Searched . | . . . Spaces Dug . | . . . Terrain Destroyed 10 | . 10 . Melee . | . . . Projectile . | . . . AOE 10 | . 10 . Terrain Rammed . | . . . Walls Destroyed . | . . . Machines Disabled . | . . . Actions | -11 -10 -9 --------- Run | Yrd Mat Mat Total 753 | 101 254 398 Wait 68 | 1 . 67 Move 609 | 81 231 297 Hop . | . . . Pick Up 10 | 4 3 3 Fast Attach 12 | 7 2 3 Attach 3 | . 1 2 Detach 1 | . . 1 Swap 3 | . 3 . Drop 3 | 1 1 1 Fire 10 | 7 3 . Melee 32 | . 10 22 Ram 2 | . . 2 Kick . | . . . Crush . | . . . Escape Stasis . | . . . Rewire . | . . . Trap . | . . . Miscellaneous . | . . . Route ------- -11/Scrapyard -10/Materials -9/Materials History --------- Turn | Location | Event 9 | -11/Scrapyard | Discovered new exit (range 15) 131 | -11/Scrapyard | Entered Materials 254 | -10/Materials | Discovered new exit (range 10) 305 | -10/Materials | Build established: Mutant 454 | -10/Materials | Entered another Materials area 454 | -9/Materials | Evolved 2 slots: Utility x1, Weapon x1 488 | -9/Materials | Repaired Aluminum Leg 515 | -9/Materials | Repaired Aluminum Leg 950 | -9/Materials | Core integrity fell below 50% 977 | -9/Materials | Lost 5 parts (1p2n1u1w) 1014 | -9/Materials | Core integrity fell below 20% 1029 | -9/Materials | Destroyed by L-31 Rogue with Katana Last Messages --------------- 00954_ K-01 Serf collects debris. 00976_ W-16 Scout sends out distress signal. 00977_ K-01 Serf collects debris. 00994_ Sneak attack on T-07 Excavator. 00994_ T-07 Excavator suffers critical hit (Smash). 00994_ Destroyed Imp. Terrain Scanner. 00994_ Destroyed Seismic Detector. 00994_ T-07 Excavator system corrupted by crushing effect. 00994_ Wheel fried. 00994_ Mining Laser fried. 00994_ T-07 Excavator destroyed. 00997_ Acquired 10 matter. 01013_ Aluminum Leg destroyed. 01018_ Hammer severed. 01019_ R-06 Scavenger collects Hammer. 01028_ Slammed into L-31 Rogue. 01029_ Destabilizing: Core damaged (-20). 01029_ Sml. Storage Unit destroyed. Map ----- +----------------------------------------------------+ | ?# #??????????????????# =[#?????? | | ?# #??????????????????# #?????? | | ?#######??????????????????# #?????? | | ??????????????????????????# #?????? | | ??????????????????????????# #?????? | | ??????????????????????????# #?????? | | ??????????????????????????#####/####?????? | | ??????????????????????????????# #????????? | | ??????????????????????????????# #????????? | | ??????????????????????????????# #????????? | | ??????????????????????????????# #????????? | | ??????????????????????????????#%#????????? | | ??????????????????????????????# #????? #?? | | ??????????????????????????????# #????? #?? | | ??????????????????????????????# #???? #?? | | ???????????????????????#####??# ##### #?? | | ???????????????????????# ?# #?? | | ???????????????????????# "" [ # ##? | | ???????????????????????# "T # "#? | | ???????????????????????# "" + T#? | | ???????????????????????+ # "#? | | ???????????????????????# ??# """ ##? | | ?????????????????#########????# """ #?? | | ?????????????????# #?????# """ #?? | | ?????????????????# ####### #?? | | ?????????????????# """*/@lgg #?? | | ?????????????????# """ ####### ##### ##?? | | ?????????????????# """ #?????# #?????#??? | | ?????????????????# #?????# #????????? | | ?????????????????########?????# #????????? | | ??????????????????????????????# #????????? | | ?????????????????????????????? /????????? | | ?????????????????????????????? #????????? | | ?????????????????????????????? #????????? | | ?????????????????????????????? ?????????? | | ?????????????????????????????? ?????????? | | ?????????????????????????????? ?????????? | | ?????????????????????????????? ?????????? | | ?????????????????????????????? ?????????? | | ?????????????????????????????? ?????????? | | ?????????????????????????????? ?????????? | | ?????????????????????????????? ?????????? | | ?????????????????????????????????????????? | | ?????????????????????????????????????????? | | ?????????????????????????????????????????? | | ?????????????????????????????????????????? | | ?????????????????????????????????????????? | | ?????????????????????????????????????????? | | ?????????????????????????????????????????? | | ?????????????????????????????????????????? | +----------------------------------------------------+ Best States ------------- Heat Dissipation 28 Energy Generation 10 Energy Capacity 125 Matter Stores 300 Matter Capacity 300 Sight Range 18 Terrain Scan Density 10 Armor Coverage 225 Evasion (%) 55 Item Schematics ----------------- None Robot Schematics ------------------ None Fabricated ------------ Nothing Alien Tech Used ----------------- None Achievements -------------- None Challenges ------------ None Game ------ Seed BurstCompositeInjector Manual? 0 Play Time 00:14:02 Cumulative 18.3 hours Start 2024.04.27 @ 09:09:27 End 2024.04.27 @ 09:22:51 Sessions 1 Manual Loads 0 Difficulty Rogue Special Mode None Game No. 23 Rogue 23 Adventurer 0 Explorer 0 Win Type - Total 0 Types 0/0/0/0/0/0/0/0/0 Lore% 22 Gallery% 23 Achievement% 19 Wizard Run 0 Options --------- Layout 1 ASCII 0 Keyboard 0 Movement Numpad Keybinds 0 Fullscreen 2 Font 24/Smallcaps Map View 50x35 Zoom Use 0% Tactical HUD 1 Map Filters NONE Filters NONE Steam 1 RUN: fe13c161-4e0d-403a-9e4b-d8d0fb1141f7